 Dungeon Crawl Stone Soup version 0.29.1-12-g30fa7ad0bf (webtiles) character file.

Game seed: 6355235605239008880

18357 cowcol the Cleaver (level 12, -2/92 (95) HPs)
             Began as a Minotaur Monk on Jan 8, 2023.
             Was a High Priest of Hepliaklqana.
             Succumbed to a cane toad's poison
             ... on level 3 of the Lair of Beasts.
             The game lasted 00:48:20 (15130 turns).

cowcol the Cleaver (Minotaur Monk)                 Turns: 15130, Time: 00:48:20

HP:   -2/92 (95)    AC: 16    Str: 18    XL:     12   Next: 27%
MP:   12/12         EV:  9    Int:  7    God:    Hepliaklqana [*****.]
Gold: 708           SH:  0    Dex: 22    Spells: 11/11 levels left

rFire   + . .      SeeInvis .   N - +2 battleaxe (flame)
rCold   . . .      Faith    .   (shield currently unavailable)
rNeg    . . .      Spirit   .   S - +0 plate armour
rPois   +          Reflect  .   (helmet restricted)
rElec   .          Harm     .   (no cloak)
rCorr   .          Rampage  .   (no gloves)
Will    .....      Rage     3%  P - +0 pair of boots
Stlth   ..........              (no amulet)
HPRegen 0.25/turn               d - +6 ring of dexterity
MPRegen 0.13/turn               e - ring of poison resistance

@: mighty, lethally poisoned (-2 -> -18), studying Summonings, lightly drained
A: reduced essence, horns 2, retaliatory headbutt, claws 1, berserk 1, fire
resistance 1
a: Renounce Religion, Recall Ancestor, Ancestor Identity, Transference, Idealise


You were on level 3 of the Lair of Beasts.
You worshipped Hepliaklqana.
Hepliaklqana was extremely pleased with you.
You visited 3 branches of the dungeon, and saw 14 of its levels.

You collected 708 gold pieces.

Inventory:

Hand Weapons
 i - a +1 short sword of protection
 q - a +3 morningstar
 H - a +1 great sword of freezing
 I - a +2 dire flail
 J - a +2 halberd of flaming
 M - a +0 war axe
 N - a +2 battleaxe of flaming (weapon)
 Y - a +4 battleaxe of chaos
Missiles
 k - a curare-tipped dart
 E - 11 poisoned darts
 L - 8 boomerangs (quivered)
 Q - 2 atropa-tipped darts
Armour
 b - a +0 robe
 j - a +0 scale mail
 o - a +2 scale mail of cold resistance
 s - a +2 scale mail of fire resistance
 v - a +2 kite shield
 x - a +0 ring mail
 z - a +0 chain mail
 A - a +0 pair of boots
 P - a +0 pair of boots (worn)
 R - a +1 chain mail of fire resistance
 S - a +0 plate armour (worn)
Jewellery
 d - a +6 ring of dexterity (left claw)
 e - a ring of poison resistance (right claw)
 f - a ring of fire
 h - a +6 ring of dexterity
 m - a ring of positive energy
 r - a ring of resist corrosion
 F - a ring of protection from fire
 K - a ring of protection from fire
 T - a +6 ring of intelligence
 U - a ring of protection from fire
Wands
 a - a wand of paralysis (7)
 O - a wand of flame (17)
 V - a wand of digging (4)
 W - a wand of light (10)
 X - a wand of iceblast (9)
Scrolls
 p - 2 scrolls of fog
 t - 6 scrolls of teleportation
 w - 3 scrolls of poison
 y - a scroll of enchant armour
 G - 2 scrolls of immolation
Potions
 c - a potion of ambrosia
 g - 3 potions of flight
 l - a potion of mutation
 n - 2 potions of magic {unknown}
 u - a potion of haste {unknown}
 B - a potion of might
 C - 3 potions of lignification
 D - a potion of invisibility {unknown}


   Skills:
 + Level 9.8 Fighting
 - Level 4.0(8.0) Short Blades
 * Level 11.7(12.1) Long Blades
 * Level 13.3(13.4) Axes
 + Level 2.3(8.9) Polearms
 - Level 1.5 Throwing
 + Level 10.7 Armour
 + Level 5.0 Dodging
 + Level 3.8 Stealth
 - Level 3.9 Shields
 + Level 1.4 Invocations


You had 11 spell levels left.
You didn't know any spells.
Your spell library contained the following spells:

 Spells                   Type           Power      Damage    Failure   Level
 Magic Dart               Conj           0%         1d3       100%        1
 Call Imp                 Summ           0%         N/A       100%        2
 Sublimation of Blood     Necr           0%         N/A       100%        2
 Inner Flame              Hex/Fire       0%         N/A       100%        3
 Mephitic Cloud           Conj/Pois/Air  0%         N/A       100%        3
 Ozocubu's Armour         Ice            0%         N/A       100%        3
 Petrify                  Tmut/Erth      0%         N/A       100%        4
 Sticky Flame             Conj/Fire      0%         2d3       100%        4
 Fireball                 Conj/Fire      0%         3d3       100%        5
 Irradiate                Conj/Tmut      0%         3d11      100%        5
 Manifold Assault         Tloc           0%         N/A       100%        5
 Metabolic Englaciation   Hex/Ice        0%         N/A       100%        5
 Simulacrum               Ice/Necr       0%         N/A       100%        6


Dungeon Overview and Level Annotations

Branches:
Dungeon (9/15)             Temple (1/1) D:4            Lair (4/5) D:9
 Shoals (0/4) Lair:3        Snake (0/4) Lair:2
  Slime: Lair:4-5       Orc: D:9-12

Altars:
Ashenzari
Cheibriados
Dithmenos
Elyvilon
Fedhas
Gozag
Hepliaklqana
Kikubaaqudgha
Makhleb
Okawaru
Qazlal
Ru
Sif Muna
Trog
Uskayaw
Vehumet
Wu Jian
Xom
Yredelemnul
Zin
The Shining One

Shops:
D:3 [   D:8 [

Annotations:
D:5 1 runed translucent door, ghostp's ghost, weakling KoDe


Innate Abilities, Weirdness & Mutations

Your life essence is reduced to manifest your ancestor. (-10% HP)
You have a pair of horns on your head.
You reflexively headbutt those who attack you in melee.
You have sharp fingernails.
You sometimes lose your temper in combat.
Your flesh is heat resistant. (rF+)


Message History

The cane toad poisons you!
The dream sheep bites you but does no damage.
A dream sheep comes into view.
You closely miss the dream sheep.
The dream sheep is moderately wounded.
The dream sheep bleats!
You hit the cane toad. You burn the cane toad. You barely miss the hell rat.
You hit the hell rat. You burn the hell rat.
You feel very sick. The hell rat closely misses you. You furiously retaliate!
You headbutt the hell rat, but do no damage.
The hell rat closely misses you. You furiously retaliate!
You headbutt the hell rat.
The cane toad stings you but does no damage.
The hell rat closely misses you. You furiously retaliate!
You headbutt the hell rat, but do no damage.
The dream sheep bites you but does no damage.
A dream sheep comes into view.
The hell rat bites you but does no damage.
A dream sheep comes into view.
The cane toad stings you.
You are more poisoned.
The cane toad poisons you!
* * * LOW HITPOINT WARNING * * *
You feel extremely sick.
The dream sheep bleats! x2
The hell rat barely misses you. The hell rat bites you!
* * * LOW HITPOINT WARNING * * *
You feel drained.
* * * LOW HITPOINT WARNING * * *
The cane toad closely misses you. The dream sheep bites you.
* * * LOW HITPOINT WARNING * * *
You climb upwards.
* * * LOW HITPOINT WARNING * * *
You feel extremely sick.
There is a stone staircase leading down here.
Okay, then.
Okay, then.
You feel very mighty all of a sudden.
You die...

#######..#............#
..######..............#
..##≈# #..............#
..##≈###....(.........#
..#≈≈≈##..............#
..#≈≈≈≈#..............#
..#≈≈≈≈#..............#
..#≈~≈≈#..†....rY.....#
~~.≈~≈~#..†....F@r....#
.~≈~≈≈~~##.##)#.#P##.##
~~≈≈≈≈.~##############
≈.~~~~.## ...~~..#
#...<.## ......#
......# .....##


You could see a cane toad, a dream sheep and 2 hell rats.

Vanquished Creatures
  A hydra (D:9)
  A boulder beetle (D:9)
  2 elephants (Lair:1)
  5 black mambas
  A komodo dragon (Lair:2)
  A wind drake (Lair:3)
  A dream sheep (Lair:4)
  3 wyverns
  A wraith (D:9)
  6 yaks
  9 water moccasins
  A black bear (D:4)
  3 ogres
  4 centaurs
  12 wolves
  4 bullfrogs
  2 wights
  10 killer bees (D:9)
  2 howler monkeys
  A jelly (D:6)
  An orc priest (D:5)
  A hound (D:4)
  5 iguanas
  3 orc wizards
  3 hell rats (Lair:4)
  A gnoll (D:8)
  2 adders
  5 white imps
  A worm (D:2)
  3 dart slugs
  9 orcs
  6 endoplasms
  A giant cockroach (D:2)
  5 goblins
  4 hobgoblins
  A jackal (D:5)
  6 kobolds
  4 quokkas
  6 ball pythons
  5 bats
  3 frilled lizards
  5 rats
150 creatures vanquished.

Vanquished Creatures (collateral kills)
  A catoblepas (D:9)
  A two-headed ogre (D:8)
  An elephant (D:9)
  2 manticores
  A black mamba (Lair:2)
  A cane toad (Lair:2)
  2 komodo dragons
  A hornet (D:7)
  A slime creature (D:9)
  A wyvern (D:8)
  A human (shapeshifter) (D:9)
  A wraith (D:9)
  6 yaks
  2 steam dragons (D:8)
  10 water moccasins
  3 black bears
  A sky beast (D:7)
  An ogre (D:6)
  5 wolves (Lair:2)
  2 centaurs
  A kobold brigand (D:8)
  A gnoll sergeant (D:8)
  6 bullfrogs
  A scorpion (D:9)
  7 wights
  A killer bee (D:8)
  A howler monkey (D:9)
  4 hounds
  2 jellies
  3 iguanas (D:5)
  7 orc wizards
  A hell rat (Lair:4)
  3 gnolls (D:8)
  5 adders
  A shadow imp (D:6)
  An ufetubus (D:5)
  13 orcs
  3 jackals (D:5)
  2 kobolds (D:4)
107 creatures vanquished.

Vanquished Creatures (others)
  12 battlemagi
  5 ancestors (D:5)
  33 fungi
  53 plants
103 creatures vanquished.

Grand Total: 360 creatures vanquished

Notes
Turn   | Place    | Note
-------+----------+-------------------------------------------
     0 | D:1      | cowcol the Minotaur Monk began the quest for the Orb.
     0 | D:1      | Reached XP level 1. HP: 19/19 MP: 0/0
   278 | D:1      | Reached XP level 2. HP: 23/27 MP: 1/1
  1080 | D:1      | Reached skill level 4 in Axes
  1301 | D:2      | Reached XP level 3. HP: 33/33 MP: 2/2
  1779 | D:2      | Reached skill level 1 in Short Blades
  1947 | D:3      | Found a shadowy altar of Dithmenos.
  2112 | D:3      | Found Habaam's Antique Armour Emporium.
  2500 | D:3      | Found a sacrificial altar of Ru.
  2589 | D:4      | Reached XP level 4. HP: 41/41 MP: 3/3
  2598 | D:4      | Found a glowing golden altar of the Shining One.
  2604 | D:4      | Found a staircase to the Ecumenical Temple.
  2619 | Temple   | Entered the Ecumenical Temple
  2673 | Temple   | Became a worshipper of Hepliaklqana the Forgotten
  2673 | Temple   | Reached * piety under Hepliaklqana
  2673 | Temple   | Reached ** piety under Hepliaklqana
  3139 | D:4      | Found a broken altar of Ashenzari.
  3153 | D:4      | Reached skill level 1 in Long Blades
  3240 | D:4      | Reached XP level 5. HP: 34/42 MP: 4/4
  3642 | D:5      | Entered Level 5 of the Dungeon
  3713 | D:5      | Noticed a black bear
  3743 | D:5      | Reached skill level 1 in Armour
  3744 | D:5      | Killed a black bear
  3745 | D:5      | Reached skill level 5 in Axes
  3745 | D:5      | Reached skill level 1 in Shields
  3745 | D:5      | Reached XP level 6. HP: 29/47 MP: 5/5
  4304 | D:4      | Reached XP level 7. HP: 43/54 MP: 6/6
  4350 | D:5      | Reached skill level 1 in Throwing
  4396 | D:5      | Got the Papyrus of Shifting and Fire
  4624 | D:5      | Found a runed translucent door.
  4624 | D:5      | Noticed ghostp's ghost (weakling KoDe)
  4663 | D:5      | Reached skill level 5 in Fighting
  5313 | D:6      | Reached *** piety under Hepliaklqana
  5320 | D:6      | Remembered your ancestor Ilshubani as a battlemage
  5322 | D:6      | Reached skill level 6 in Axes
  5325 | D:6      | Reached XP level 8. HP: 61/61 MP: 7/7
  6195 | D:7      | Reached skill level 5 in Long Blades
  6197 | D:7      | Reached skill level 7 in Axes
  6329 | D:7      | Noticed a hornet
  6334 | D:7      | Killed a hornet
  6335 | D:7      | Reached skill level 5 in Armour
  6335 | D:7      | Found a stormy altar of Qazlal.
  6654 | D:7      | Found a bloodstained altar of Trog.
  6754 | D:8      | Reached XP level 9. HP: 55/70 MP: 6/8
  6894 | D:8      | Reached **** piety under Hepliaklqana
  6960 | D:8      | Noticed a komodo dragon
  6979 | D:8      | Noticed a two-headed ogre
  7012 | D:8      | Killed a two-headed ogre
  7013 | D:8      | Reached skill level 8 in Axes
  7397 | D:8      | Gained mutation: You possess an exceptional clarity of
                  | mind. [potion of mutation]
  7397 | D:8      | Gained mutation: Your mind is acute. (Int +4, Str/Dex -1)
                  | [potion of mutation]
  7398 | D:8      | Lost mutation: Your mind is acute. (Int +4, Str/Dex -1)
                  | [potion of mutation]
  7398 | D:8      | Lost mutation: You possess an exceptional clarity of mind.
                  | [potion of mutation]
  7398 | D:8      | Gained mutation: You have an increased reservoir of magic.
                  | (+10% MP) [potion of mutation]
  7399 | D:8      | Lost mutation: You have an increased reservoir of magic.
                  | (+10% MP) [potion of mutation]
  7399 | D:8      | Gained mutation: You sometimes lose your temper in combat.
                  | [potion of mutation]
  7399 | D:8      | Gained mutation: Your flesh is heat resistant. (rF+)
                  | [potion of mutation]
  7399 | D:8      | Gained mutation: You have sharp fingernails. [potion of
                  | mutation]
  7495 | D:8      | Found Ilicall's Antique Armour Emporium.
  7521 | D:8      | Killed a komodo dragon
  7790 | D:8      | Reached XP level 10. HP: 73/77 MP: 9/9
  7848 | D:8      | Found an ancient bone altar of Kikubaaqudgha.
  8188 | D:9      | Found a staircase to the Lair.
  8456 | D:9      | Reached skill level 9 in Axes
  8460 | D:9      | Reached skill level 5 in Dodging
  9739 | D:9      | Noticed a catoblepas
  9740 | D:9      | Noticed a five-headed hydra
  9763 | D:9      | Killed a catoblepas
  9764 | D:9      | Reached skill level 10 in Long Blades
 10029 | D:9      | Noticed a manticore
 10043 | D:9      | Killed a manticore
 10044 | D:9      | Reached skill level 10 in Axes
 10339 | D:9      | Noticed a boulder beetle
 10361 | D:9      | Killed a boulder beetle
 10362 | D:9      | Reached XP level 11. HP: 70/85 MP: 10/10
 10605 | Lair:1   | Entered Level 1 of the Lair of Beasts
 11342 | D:9      | Killed a two-headed hydra
 11343 | D:9      | Reached skill level 1 in Polearms
 11889 | Lair:1   | Reached skill level 11 in Axes
 12513 | Lair:1   | Reached skill level 1 in Invocations
 13126 | Lair:2   | Reached skill level 10 in Armour
 13301 | Lair:2   | Reached skill level 12 in Axes
 13326 | Lair:2   | Reached ***** piety under Hepliaklqana
 13637 | Lair:2   | Found a staircase to the Snake Pit.
 13966 | Lair:2   | Reached XP level 12. HP: 85/95 MP: 12/12
 14204 | Lair:2   | Found a hazy altar of Hepliaklqana.
 14445 | Lair:3   | Found a staircase to the Shoals.
 14452 | Lair:3   | Reached skill level 13 in Axes
 15129 | Lair:3   | HP: 2/92 [poisoned by a cane toad]
 15130 | Lair:3   | Succumbed to a cane toad's poison

Illustrated notes

Levels and vault maps discovered:
D:1:      saegor_arrival_under_anarchy, layout_basic
D:2:      layout_rooms, chequers_serial_rivers_small_3, minmay_pentomino_p4
D:3:      layout_loops_ring, lemuel_coloured_pillars_altar,
          nicolae_dithmenos_the_darkroom, serial_shops, shop
D:4:      layout_basic, kennysheep_mini_moat, lemuel_doored_altar, temple_pool_b
D:5:      minmay_skewed_foursquare, layout_basic,
          hellmonk_ghost_happy_afterlife, hangedman_decor_diamond_cutter,
          minmay_misc_feat_chi
D:6:      layout_basic, hangedman_decor_peaks_small
D:7:      layout_loops_ring, nicolae_overflow_hidden_temple,
          mainiacjoe_overflow_tiny_flanked
D:8:      minmay_recursive_quarters, layout_basic, mainiacjoe_overflow_alcove_1,
          serial_shops, shop, kennysheep_generic_room_2
D:9:      minmay_blocky_corners, layout_layer_cave, due_lair_maze_entry_diamond
Temple:   zaba_magenta_temple
Lair:1:   layout_loops_ring
Lair:2:   layout_hall_layers, minmay_snake_entry_six_corridors, basic_altar,
          minivault_25
Lair:3:   gammafunk_indiana_jones, layout_hall_layers,
          minmay_shoals_entry_beasts, chequers_serial_rivers_large_a
Lair:4:   layout_regular_city, slime_entry_1, lemuel_fruit_tree,
          grunt_megastairs_5, lemuel_fruit_fields

Skill      XL: |  1  2  3  4  5  6  7  8  9 10 11 12 |
---------------+-------------------------------------+-----
Fighting       | 4 5 6 7 8 9 |  9.8
Axes           | 4 5 6 7 8 10 12 13 | 13.3
Stealth        | 2 3 |  3.8
Short Blades   | 2 3 4 |  4.0
Long Blades    | 1 2 3 4 5 9 10 11 | 11.7
Armour         | 1 2 3 5 6 8 10 | 10.7
Shields        | 1 2 3 |  3.9
Dodging        | 4 5 |  5.0
Throwing       | 1 |  1.5
Polearms       | 2 |  2.3
Invocations    | 1 |  1.4

Action                   |  1- 3 |  4- 6 |  7- 9 | 10-12 || total
-------------------------+-------+-------+-------+-------++-------
Melee: Hand axe          |    44 |       |       |       ||    44
       Headbutt          |    24 |    18 |    29 |    49 ||   120
       Short sword       |    89 |    71 |    65 |       ||   225
       Great sword       |       |       |    39 |     9 ||    48
       Battleaxe         |       |       |       |   154 ||   154
       Halberd           |       |       |       |    31 ||    31
Throw: Dart              |       |     9 |    13 |       ||    22
       Stone             |       |       |     1 |       ||     1
       Boomerang         |       |       |     2 |    17 ||    19
Invok: Ancestor Life: Ba |       |       |     1 |       ||     1
       Recall Ancestor   |       |       |     1 |     1 ||     2
       Idealise          |       |       |       |     2 ||     2
  Use: Scroll            |     6 |     3 |     8 |    10 ||    27
       Potion            |       |       |    10 |     5 ||    15
 Stab: Sleeping          |     1 |       |       |       ||     1
       Distracted        |       |       |     1 |     6 ||     7
Armor: Robe              |    10 |       |       |       ||    10
       Scale mail        |    40 |       |       |       ||    40
       Chain mail        |     7 |    70 |    65 |       ||   142
       Plate armour      |       |       |       |   191 ||   191
Dodge: Dodged            |    60 |    23 |    46 |   121 ||   250
Block: Kite shield       |    13 |    50 |    24 |       ||    87
